Paquerette, neutral female sylph Wizard ------- --------------- |.._..| --..|*..[......| |*...*| --...#.%%...%...| |.....| --------- --....|-|------|-| ----|---- --.......-- --.....#..........-----|.......|------ --+--- --------)........----.....--........%...%..#.......#.....| .....| --..........}}}.....^....%--............................*.|-.....| |[...[([....}{}...........-............................._.-I..(..| --....[).(..}}}...........--............................*.|-.....| --------.........----.....--...............#.......#.....| .....| --.......-- --.....#........).-----|...%...|------ ------ --------- --....|-+------|-| ----|---- --...#......[.[.| |.....| --..|*..*..*..*| |*...*| --------------- |.._..| ------- Paquerette the Thaumaturge Experience level: 8 Strength: 11 Dexterity: 13 Constitution: 11 Intelligence: 19 Wisdom: 17 Charisma: 7 Health: 0(64) Energy: 100(100) Def: 1 Gold: 154 Moves: 3927 Dungeon seed: Q4qtkiSt8R-Z99fy Game ID: Paquerette_1486998078 Your Inventory: Coins $ - 154 gold pieces Weapons G - a blessed +1 dagger (weapon in hand) Armor t - an uncursed +0 cloak of magic resistance (being worn) Comestibles h - an uncursed lichen corpse u - 4 uncursed tripe rations D - an uncursed lembas wafer F - 2 uncursed cream pies Scrolls n - a cursed scroll of identify w - an uncursed scroll of water P - an uncursed scroll of light U - a blessed scroll of teleportation Spellbooks V - an uncursed spellbook of restore ability X - an uncursed spellbook of create monster Potions Q - an uncursed potion of gain energy Rings R - a cursed ring of polymorph control Wands d - a wand of nothing (0:5) M - a wand of make invisible (0:5) S - a wand of light (0:12) W - a wand of magic missile (0:4) Tools e - a +0 unicorn horn o - an uncursed skeleton key q - an uncursed stethoscope A - a can of grease (0:17) H - a +0 unicorn horn L - an uncursed wax candle (0:400) Gems r - 3 uncursed worthless pieces of green glass y - 2 uncursed worthless pieces of black glass z - 2 uncursed worthless pieces of blue glass E - an uncursed opal J - an uncursed worthless piece of violet glass N - 4 uncursed worthless pieces of yellowish brown glass O - 2 uncursed worthless pieces of orange glass Y - 2 uncursed amethysts Spells and supernatural/magical abilities: Name Level Category Fail Memory a - force bolt 1 attack 0% 81% m - magic missile 2 attack 0% 89% z - sleep 2 enchantment 0% 81% W - pray for help -- divine ? -- Your skills at the end: Miscellaneous Skills wands [Basic] Weapon Skills dagger [Basic] quarterstaff [Basic] Spellcasting Skills attack spells [Basic] enchantment spells [Basic] Final Attributes: You were devoutly aligned. You were poison resistant. You were magic-protected. Your writing hand was ok. You saw invisible. You had infravision. You were invisible to others. You were displaced. You were very stealthy. You were protected from shape changers. You were lucky. You are dead. Vanquished creatures: a warhorse a large cat a dwarf king 2 tengu a leocrotta a winter wolf cub a lynx a giant spider a horse a blue jelly a white unicorn a black unicorn a gnome mummy 3 human zombies 2 soldier ants 2 fire ants an imp a wood nymph 9 Mordor orcs an Uruk-hai 4 orc shamans a fog cloud a shrieker 9 gnome lords a golden naga hatchling a gray ooze 2 straw golems a floating eye a kitten 19 dwarves 8 hill orcs 8 rothes a dwarf zombie 4 killer bees 3 hobbits a large kobold 4 hobgoblins a brown mold 38 gnomes a gnome zombie 2 jackals 2 kobolds 2 newts a goblin 3 grid bugs 2 lichens 154 creatures vanquished. Voluntary challenges: You were vegetarian. You did not adorn yourself with jewelry or accessories. You did not cause conflict. You were not invisible. You did not have reflection. You used a wielded weapon 93 times, starting on turn 3. You did not use plumbed fixtures. You did not drink any magical draughts. You read items or engraved 3 times, starting on turn 1684. You never genocided any monsters. You never polymorphed an object. You never changed form. You used no wishes. You never split a pudding. You wrote Elbereth's name 1 time, starting on turn 3532. You never violated your personal moral code. Dungeon overview: The Dungeons of Doom: levels 1 to 2 Level 1 an altar to Anhur, a fountain a long staircase Level 2 stairs to The Gnomish Mines The Gnomish Mines: levels 3 to 11 Level 3 stairs to The Dungeons of Doom Level 4 Level 5 Level 6 many shops, a temple to Anhur, a magic chest, some fountains, some trees Level 7 Level 8 Level 9 Level 10 Level 11 <- You were here some altars to Moloch, a magic chest, a fountain History has recorded: On T:1 you entered the Dungeons of Doom to retrieve the Amulet of Yendor! On T:309 you reached level 2 of The Dungeons of Doom. On T:351 you reached level 1 of The Gnomish Mines. On T:447 you advanced to experience level 2. On T:485 you advanced to experience level 3. On T:560 you advanced to experience level 4. On T:595 you reached level 2 of The Gnomish Mines. On T:812 you prayed to Thoth. On T:896 you reached level 3 of The Gnomish Mines. On T:917 you advanced to experience level 5. On T:1110 you reached level 4 of The Gnomish Mines. On T:1420 you advanced to experience level 6. On T:1523 you prayed to Thoth. On T:1659 you entered the Minetown temple On T:1673 you opened a magic chest. On T:1715 you reached level 5 of The Gnomish Mines. On T:2137 you advanced to experience level 7. On T:2223 you prayed to Thoth. On T:2495 you reached level 6 of The Gnomish Mines. On T:2781 you prayed to Thoth. On T:2957 you reached level 7 of The Gnomish Mines. On T:3102 you reached level 8 of The Gnomish Mines. On T:3259 you reached level 9 of The Gnomish Mines. On T:3259 you reached the bottom of the Mines. On T:3270 you advanced to experience level 8. On T:3593 you prayed to Thoth. Score breakdown: Gold: 154 ( 15 points) Experience: 8 levels ( 700 points) Exploration: 11 levels ( 300 points) Discoveries: 27 items ( 1350 points) Variety of kills: 46 monsters ( 2000 points) Major goal: reached Mine's End ( 1000 points) Survival: died (score multiplied by 3) Total score: 16095 Latest messages: E - an uncursed white gem. N - 4 uncursed yellowish brown gems. Some text has been burned into the floor here. You read: "Blessed are the destroyers of false hope, for they are the true Messiahs.". Some text has been burned into the floor here. You read: "Blessed are the destroyers of false hope, for they are the true Messiahs.". The door opens. You kill the hill orc! The magic missile bounces! You stab the hobgoblin. The hobgoblin punches you! You stab the orc-captain! The magic missile hits the orc-captain! The magic missile bounces! The orc-captain zaps an ebony wand! The sleep ray hits you! Something punches you! (18x) You die... Final status: Goodbye Paquerette the Wizard, killed by an orc-captain, while sleeping... You died in The Gnomish Mines on dungeon level 11 with 16095 points, and 154 pieces of gold, after 3927 moves. You were level 8 with a maximum of 64 hit points when you died.